[ AOE2 MATCH · #489693029 ]
UnrankedTeutons vs Franks
Player's team · WIN
Rival team · LOSS
[ REPLAY ANALYSIS · EXTRACTED FROM THE RECORDED GAME ]
Feudal
9:15
Castle
19:37
Imperial
—
| APM avg | 89.7 |
| APM peak | 135 |
| eAPM avg | 52.7 |
| Villagers / military | 112 / 70 |
Focus
⚔️ 63.2% · 🌾 36.8%
Skirmisher ×37 · Knight ×23 · Monk ×4 · Archer ×3 · Militia ×3
Feudal
9:24
Castle
20:47
Imperial
—
| APM avg | 55.3 |
| APM peak | 85 |
| eAPM avg | 21.4 |
| Villagers / military | 77 / 49 |
Focus
⚔️ 31.9% · 🌾 68.1%
Cavalry Archer ×32 · Skirmisher ×11 · Mangonel ×6
Match map
Initial resources + every placement click. Lines = walls · curves = elevation contours. ◆ gold · ⬟ stone · ● berries · ✦ relic · ◌ wall gap
Your base· ✓ Closed at 19:37 · 49t walls · 1 gate(s)
Claude code's base· Open — unwalled flank
Smoothed initial terrain · ◌ = detected wall gap · hover for details
Inputs per minute
— Saturno 1343 - - Claude code
Build order — Saturno 1343
First 150 of 323 actions detected
| 0:00 | Queue | Villager (Male) |
| 0:00 | Queue | Villager (Male) |
| 0:01 | Build | House |
| 0:02 | Build | House |
| 0:05 | Queue | Villager (Male) |
| 0:15 | Queue | Villager (Male) |
| 1:15 | Queue | Villager (Male) |
| 1:44 | Queue | Villager (Male) |
| 1:53 | Build | Lumber Camp |
| 2:14 | Queue | Villager (Male) |
| 2:30 | Queue | Villager (Male) |
| 3:17 | Queue | Villager (Male) |
| 3:36 | Queue | Villager (Male) |
| 3:54 | Build | House |
| 3:58 | Build | House |
| 4:03 | Queue | Villager (Male) |
| 4:12 | Queue | Villager (Male) |
| 4:22 | Queue | Villager (Male) |
| 4:55 | Queue | Villager (Male) |
| 5:02 | Queue | Villager (Male) |
| 5:37 | Build | Barracks |
| 6:05 | Research | Loom |
| 6:08 | Queue | Villager (Male) |
| 6:17 | Research | Loom |
| 6:31 | Build | House |
| 7:01 | Research | Feudal Age |
| 7:04 | Build | Mining Camp |
| 7:17 | Queue | Militia |
| 7:40 | Queue | Militia |
| 8:04 | Queue | Militia |
| 8:15 | Build | Mill |
| 8:35 | Queue | Villager (Male) |
| 9:06 | Build | Mill |
| 9:07 | Queue | Villager (Male) |
| 9:11 | Build | House |
| 9:15 | Age | Feudal Age |
| 9:19 | Research | Man-at-Arms (upgrade) |
| 9:19 | Research | Man-at-Arms (upgrade) |
| 9:35 | Queue | Villager (Male) |
| 9:37 | Build | Farm |
| 10:00 | Queue | Villager (Male) |
| 10:11 | Build | Archery Range |
| 10:19 | Build | Farm |
| 10:33 | Queue | Villager (Male) |
| 10:33 | Queue | Villager (Male) |
| 10:42 | Build | House |
| 10:44 | Build | Farm |
| 10:59 | Queue | Villager (Male) |
| 11:08 | Build | House |
| 11:09 | Build | Palisade Wall |
| 11:12 | Queue | Archer |
| 11:13 | Queue | Archer |
| 11:19 | Queue | Villager (Male) |
| 11:44 | Queue | Villager (Male) |
| 11:46 | Build | Farm |
| 11:51 | Queue | Villager (Male) |
| 11:54 | Build | Blacksmith |
| 12:03 | Build | Farm |
| 12:13 | Queue | Villager (Male) |
| 12:20 | Queue | Villager (Male) |
| 12:31 | Queue | Villager (Male) |
| 12:32 | Build | Farm |
| 12:49 | Build | House |
| 12:52 | Build | Palisade Wall |
| 12:56 | Queue | Villager (Male) |
| 12:59 | Build | Palisade Wall |
| 13:05 | Build | Farm |
| 13:11 | Queue | Villager (Male) |
| 13:20 | Research | Double-Bit Axe |
| 13:20 | Research | Double-Bit Axe |
| 13:22 | Queue | Villager (Male) |
| 13:27 | Queue | Archer |
| 13:30 | Queue | Villager (Male) |
| 13:33 | Build | Palisade Wall |
| 13:45 | Queue | Villager (Male) |
| 13:51 | Queue | Villager (Male) |
| 14:00 | Queue | Villager (Male) |
| 14:04 | Queue | Villager (Male) |
| 14:05 | Build | House |
| 14:08 | Build | Palisade Wall |
| 14:09 | Build | Palisade Wall |
| 14:19 | Build | Farm |
| 14:21 | Build | Farm |
| 14:34 | Build | Farm |
| 14:41 | Queue | Villager (Male) |
| 14:45 | Queue | Villager (Male) |
| 14:47 | Build | Farm |
| 15:05 | Build | Farm |
| 15:06 | Queue | Villager (Male) |
| 15:11 | Build | House |
| 15:11 | Queue | Villager (Male) |
| 15:21 | Build | Farm |
| 15:33 | Build | Farm |
| 15:39 | Build | Palisade Wall |
| 15:45 | Build | Farm |
| 15:51 | Build | Lumber Camp |
| 16:04 | Queue | Villager (Male) |
| 16:32 | Queue | Villager (Male) |
| 16:58 | Research | Castle Age |
| 16:58 | Research | Castle Age |
| 17:28 | Research | Horse Collar |
| 17:28 | Research | Horse Collar |
| 17:58 | Research | Gold Mining |
| 18:08 | Queue | Villager (Male) |
| 18:23 | Research | Scale Barding Armor |
| 18:24 | Build | Stable |
| 18:38 | Build | Farm |
| 18:50 | Build | Stable |
| 19:04 | Research | Forging |
| 19:08 | Queue | Villager (Male) |
| 19:26 | Build | Palisade Gate |
| 19:34 | Research | Bloodlines |
| 19:37 | Age | Castle Age |
| 19:38 | Queue | Villager (Male) |
| 19:39 | Queue | Knight |
| 19:46 | Build | Farm |
| 19:53 | Build | Town Center |
| 19:53 | Queue | Villager (Male) |
| 19:56 | Build | Farm |
| 19:59 | Build | Farm |
| 20:02 | Queue | Knight |
| 20:04 | Build | Farm |
| 20:04 | Build | Farm |
| 20:06 | Queue | Villager (Male) |
| 20:11 | Build | Farm |
| 20:15 | Queue | Knight |
| 20:25 | Queue | Villager (Male) |
| 20:30 | Queue | Villager (Male) |
| 20:39 | Build | Monastery |
| 20:41 | Queue | Knight |
| 20:45 | Research | Bow Saw |
| 20:53 | Queue | Knight |
| 21:26 | Queue | Villager (Male) |
| 21:32 | Queue | Villager (Male) |
| 21:34 | Queue | Villager (Male) |
| 21:37 | Build | Farm |
| 21:39 | Build | Farm |
| 21:40 | Queue | Villager (Male) |
| 21:47 | Queue | Monk |
| 21:51 | Queue | Villager (Male) |
| 21:54 | Queue | Villager (Male) |
| 22:03 | Queue | Villager (Male) |
| 22:08 | Build | Farm |
| 22:09 | Build | Farm |
| 22:12 | Queue | Villager (Male) |
| 22:18 | Build | House |
| 22:19 | Build | House |
| 22:21 | Queue | Villager (Male) |
| 22:26 | Queue | Knight |
| 22:36 | Queue | Villager (Male) |
Build order — Claude code
First 150 of 240 actions detected
| 0:01 | Queue | Villager (Male) ×4 |
| 0:04 | Build | House |
| 0:06 | Build | House |
| 1:29 | Queue | Villager (Male) |
| 2:02 | Queue | Villager (Male) |
| 2:29 | Queue | Villager (Male) |
| 2:39 | Build | Lumber Camp |
| 2:55 | Queue | Villager (Male) |
| 3:14 | Queue | Villager (Male) |
| 3:36 | Queue | Villager (Male) |
| 4:00 | Build | House |
| 4:02 | Build | House |
| 4:08 | Queue | Villager (Male) |
| 4:30 | Queue | Villager (Male) ×2 |
| 5:23 | Queue | Villager (Male) |
| 5:46 | Queue | Villager (Male) |
| 6:04 | Build | Mill |
| 6:13 | Research | Loom |
| 6:46 | Queue | Villager (Male) |
| 7:14 | Research | Feudal Age |
| 7:57 | Build | Palisade Wall |
| 8:02 | Build | Palisade Wall |
| 8:04 | Build | Palisade Wall |
| 8:05 | Build | Palisade Wall |
| 8:42 | Build | Palisade Wall |
| 8:52 | Queue | Villager (Male) |
| 9:02 | Build | Barracks |
| 9:19 | Build | Palisade Wall |
| 9:24 | Age | Feudal Age |
| 9:25 | Build | Palisade Wall |
| 9:27 | Build | Palisade Wall |
| 9:29 | Build | Palisade Wall |
| 9:31 | Build | Palisade Wall |
| 9:31 | Queue | Villager (Male) |
| 9:45 | Build | Archery Range |
| 10:00 | Research | Double-Bit Axe |
| 10:09 | Queue | Villager (Male) |
| 10:13 | Build | Palisade Wall |
| 10:22 | Build | Palisade Wall |
| 10:24 | Build | Palisade Wall |
| 10:32 | Queue | Skirmisher |
| 10:34 | Queue | Villager (Male) |
| 10:36 | Build | Farm |
| 10:50 | Queue | Skirmisher |
| 10:54 | Build | Farm |
| 10:56 | Queue | Villager (Male) |
| 11:01 | Build | House |
| 11:16 | Build | House |
| 11:17 | Build | Palisade Wall |
| 11:18 | Build | Palisade Wall |
| 11:22 | Queue | Skirmisher |
| 11:27 | Build | Farm |
| 11:34 | Build | Farm |
| 11:37 | Queue | Villager (Male) |
| 11:49 | Build | House |
| 11:59 | Build | Farm |
| 12:01 | Build | Farm |
| 12:06 | Queue | Villager (Male) |
| 12:25 | Build | Palisade Wall |
| 12:29 | Queue | Villager (Male) |
| 12:35 | Build | Farm |
| 12:48 | Build | Farm |
| 12:50 | Build | Farm |
| 12:50 | Build | Farm |
| 12:51 | Build | Farm |
| 12:52 | Queue | Villager (Male) |
| 13:03 | Queue | Skirmisher |
| 13:15 | Queue | Skirmisher |
| 13:19 | Queue | Villager (Male) |
| 13:35 | Build | Farm |
| 13:43 | Build | House |
| 13:47 | Queue | Villager (Male) |
| 13:52 | Queue | Skirmisher |
| 14:00 | Build | Palisade Wall |
| 14:08 | Queue | Villager (Male) |
| 14:16 | Queue | Skirmisher |
| 14:30 | Queue | Villager (Male) |
| 14:56 | Queue | Villager (Male) |
| 15:05 | Build | Farm |
| 15:06 | Build | Farm |
| 15:18 | Queue | Villager (Male) |
| 15:25 | Queue | Skirmisher |
| 15:50 | Queue | Villager (Male) |
| 15:55 | Queue | Skirmisher |
| 15:59 | Build | House |
| 16:06 | Queue | Villager (Male) |
| 16:15 | Build | Mining Camp |
| 16:24 | Build | House |
| 16:47 | Queue | Villager (Male) |
| 17:07 | Build | Blacksmith |
| 17:12 | Queue | Villager (Male) |
| 17:42 | Queue | Villager (Male) |
| 18:04 | Research | Castle Age |
| 18:42 | Build | Archery Range |
| 18:53 | Research | Gold Mining |
| 18:58 | Research | Fletching |
| 19:32 | Build | House |
| 19:33 | Build | House |
| 19:51 | Queue | Skirmisher |
| 19:52 | Queue | Skirmisher |
| 19:58 | Queue | Villager (Male) |
| 20:47 | Age | Castle Age |
| 20:50 | Build | Town Center |
| 20:51 | Queue | Cavalry Archer |
| 20:52 | Queue | Cavalry Archer |
| 20:53 | Research | Bow Saw |
| 21:05 | Build | Stable |
| 21:14 | Queue | Villager (Male) |
| 21:18 | Build | Lumber Camp |
| 21:28 | Research | Bodkin Arrow |
| 21:28 | Queue | Cavalry Archer |
| 21:29 | Queue | Villager (Male) |
| 21:38 | Queue | Cavalry Archer |
| 21:46 | Build | House |
| 21:49 | Research | Husbandry |
| 21:58 | Queue | Villager (Male) |
| 22:03 | Queue | Cavalry Archer |
| 22:08 | Research | Wheelbarrow |
| 22:12 | Queue | Cavalry Archer |
| 22:17 | Queue | Villager (Male) |
| 22:24 | Queue | Cavalry Archer |
| 22:39 | Queue | Villager (Male) |
| 22:44 | Queue | Villager (Male) |
| 22:48 | Queue | Villager (Male) |
| 22:52 | Build | Farm |
| 22:54 | Build | Farm |
| 22:54 | Queue | Cavalry Archer |
| 23:05 | Queue | Cavalry Archer |
| 23:08 | Queue | Villager (Male) |
| 23:11 | Build | Farm |
| 23:11 | Build | Farm |
| 23:12 | Queue | Villager (Male) |
| 23:14 | Build | Mining Camp |
| 23:20 | Build | Farm |
| 23:29 | Queue | Villager (Male) |
| 23:41 | Queue | Villager (Male) |
| 23:43 | Build | House |
| 23:46 | Build | House |
| 23:53 | Build | Farm |
| 24:02 | Queue | Villager (Male) |
| 24:10 | Build | House |
| 24:11 | Build | House |
| 24:17 | Queue | Cavalry Archer |
| 24:21 | Build | Farm |
| 24:33 | Queue | Cavalry Archer |
| 24:37 | Research | Stone Mining |
| 24:40 | Queue | Cavalry Archer |
| 24:44 | Queue | Villager (Male) |
| 24:55 | Queue | Villager (Male) |
| 24:55 | Queue | Villager (Male) |
Match timeline
| 5:37 | Saturno 1343 · first_building Barracks |
| 7:57 | Claude code · wall_segment Palisade Wall x1 |
| 8:02 | Claude code · wall_segment Palisade Wall x1 |
| 8:04 | Claude code · wall_segment Palisade Wall x1 |
| 8:05 | Claude code · wall_segment Palisade Wall x1 |
| 8:42 | Claude code · wall_segment Palisade Wall x5 |
| 9:02 | Claude code · first_building Barracks |
| 9:15 | Saturno 1343 · age_up feudal |
| 9:19 | Claude code · wall_segment Palisade Wall x1 |
| 9:24 | Claude code · age_up feudal |
| 9:25 | Claude code · wall_segment Palisade Wall x1 |
| 9:27 | Claude code · wall_segment Palisade Wall x1 |
| 9:29 | Claude code · wall_segment Palisade Wall x1 |
| 9:31 | Claude code · wall_segment Palisade Wall x1 |
| 9:45 | Claude code · first_building Archery Range |
| 10:11 | Saturno 1343 · first_building Archery Range |
| 10:13 | Claude code · wall_segment Palisade Wall x1 |
| 10:22 | Claude code · wall_segment Palisade Wall x1 |
| 10:24 | Claude code · wall_segment Palisade Wall x1 |
| 11:09 | Saturno 1343 · wall_segment Palisade Wall x5 |
| 11:17 | Claude code · wall_segment Palisade Wall x1 |
| 11:18 | Claude code · wall_segment Palisade Wall x2 |
| 12:25 | Claude code · wall_segment Palisade Wall x1 |
| 12:52 | Saturno 1343 · wall_segment Palisade Wall x18 |
| 12:59 | Saturno 1343 · wall_segment Palisade Wall x6 |
| 13:33 | Saturno 1343 · wall_segment Palisade Wall x7 |
| 14:00 | Claude code · wall_segment Palisade Wall x15 |
| 14:08 | Saturno 1343 · wall_segment Palisade Wall x11 |
| 14:09 | Saturno 1343 · wall_segment Palisade Wall x1 |
| 15:39 | Saturno 1343 · wall_segment Palisade Wall x1 |
| 18:24 | Saturno 1343 · first_building Stable |
| 19:37 | Saturno 1343 · age_up castle |
| 20:39 | Saturno 1343 · first_building Monastery |
| 20:47 | Claude code · age_up castle |
| 21:05 | Claude code · first_building Stable |
| 25:31 | Claude code · first_building Siege Workshop |
| 26:59 | Claude code · wall_segment Stone Wall x3 |
| 27:00 | Claude code · wall_segment Stone Wall x4 |
| 27:01 | Claude code · wall_segment Stone Wall x1 |
| 27:03 | Claude code · wall_segment Stone Wall x3 |
| 28:36 | Saturno 1343 · first_market_buy 100 stone |
| 30:48 | Claude code · first_building Castle |
| 31:11 | Claude code · first_market_sell 500 food |
| 33:16 | Saturno 1343 · first_market_sell 100 wood |
| 33:16 | Claude code · resign |
[ AI ANALYSIS · 1 CREDIT ]
What really happened in this match?
Wolo.gg analyzes every decision: build order, eco, micro, common mistakes by bracket. Personalized analysis on WhatsApp or Discord in 30 seconds.
Civ guide
Teutons
Perfil
Jugador #24977465